 Dungeon Crawl Stone Soup version 0.16-a0-3354-g045d5c7 (webtiles) character file.

219 BluebellGnoll the Sneak (level 5, -1/36 HPs)
             Began as an Octopode Wanderer on Dec 29, 2014.
             Was an Initiate of Vehumet.
             Slain by Grinder (6 damage)
             ... on level 4 of the Dungeon.
             The game lasted 00:10:19 (2752 turns).

BluebellGnoll the Sneak (Octopode Wanderer)         Turns: 2752, Time: 00:10:20

Health: -1/36      AC:  1    Str:  8    XL:     5   Next: 96%
Magic:  5/5        EV: 14    Int: 16    God:    Vehumet [......]
Gold:   131        SH:  0    Dex: 14    Spells: 0 memorised, 5 levels left

rFire  . . .     SeeInvis .     a - +2 hand crossbow
rCold  . . .     Clarity  .     (no shield)
rNeg   . . .     SustAb   .     (helmet restricted)
rPois  .         Gourm    .     (no amulet)
rElec  .         Spirit   .     (no ring)
rCorr  .         Warding  .     (no ring)
rMut   .         Stasis   .     (no ring)
MR     .....                    (no ring)
Stlth  ++++......               (no ring)
                                (no ring)
                                (no ring)
                                (no ring)

@: not resistant to hostile enchantments, stealthy
A: almost no armour, amphibious, 8 rings, constrict 8, camouflage 1, gelatinous
body 1
a: Renounce Religion


You were on level 4 of the Dungeon.
You worshipped Vehumet.
Vehumet was noncommittal.
You were not hungry.

You visited 1 branch of the dungeon, and saw 4 of its levels.

You collected 131 gold pieces.

Inventory:

Hand weapons
 a - a +2 hand crossbow (weapon)
 l - a -1 spear
Missiles
 d - 8 needles of sleeping
 e - 11 bolts (quivered)
 h - 16 sling bullets of flame
 o - 27 stones
Magical devices
 j - a wand of slowing (23)
Scrolls
 c - 2 scrolls of teleportation
 p - 5 scrolls of identify
 q - 2 scrolls of remove curse
 t - a scroll of immolation {unknown}
Potions
 b - a potion of curing
 g - 3 potions of agility
 r - a potion of restore abilities {unknown}
 s - a potion of magic {unknown}
Comestibles
 f - 3 bread rations
 i - 8 fruits
 m - a meat ration
 n - a beef jerky


   Skills:
 - Level 3.0 Fighting
 - Level 4.0 Crossbows
 - Level 2.0 Throwing
 - Level 4.3 Dodging
 - Level 4.6 Stealth
 + Level 0.6 Spellcasting


You had 5 spell levels left.
You didn't know any spells.

Dungeon Overview and Level Annotations

Branches:
Dungeon (4/15)
 Temple: D:4-7

Altars:
Trog
Vehumet
The Shining One

Annotations:
D:4 Grinder


Innate Abilities, Weirdness & Mutations

You cannot wear most types of armour.
You are amphibious.
You can wear up to eight rings at the same time.
You can use your tentacles to constrict many enemies at once.
Your skin changes colour to match your surroundings (Stealth).
Your rubbery body absorbs attacks (AC +1).


Message History

Press: ? - help, Shift-Dir - straight line, f/p - Grinder
Aim: Grinder (heavily wounded)
You shoot a bolt. The bolt hits Grinder.
Grinder is heavily wounded.
Firing (i - inventory. (,) - cycle):
e - 13 bolts (quivered)
Press: ? - help, Shift-Dir - straight line, f/p - Grinder
Aim: Grinder (heavily wounded)
You shoot a bolt. The bolt closely misses Grinder.
Grinder hits you!
You writhe in agony.
Firing (i - inventory. (,) - cycle):
e - 12 bolts (quivered)
Press: ? - help, Shift-Dir - straight line, f/p - Grinder
Aim: Grinder (heavily wounded)
You shoot a bolt. The bolt hits Grinder.
Grinder is severely wounded.
Grinder hits you!
* * * LOW HITPOINT WARNING * * *
You writhe in agony.
* * * LOW HITPOINT WARNING * * *
Grinder hits you.
You die...

. .# .. #. #. #.
#.## #5@#
(.....(.......(..
..#(...........
..(..(....###..
((#.(......
#..####.## #(. .?
.. +##


You could see Grinder.

Vanquished Creatures
  Sigmund (D:3)
  The ghost of archlich the Vexing, a weakling DsEn (D:3)
  5 adders
  3 worms (D:2)
  2 giant geckos
  2 ball pythons (D:2)
  5 goblins
  9 hobgoblins
  8 jackals (D:3)
  5 kobolds
  12 bats
  4 giant newts
  4 quokkas
  9 rats
70 creatures vanquished.

Notes
Turn   | Place    | Note
--------------------------------------------------------------
     0 | D:1      | BluebellGnoll, the Octopode Wanderer, began the quest for the Orb.
     0 | D:1      | BluebellGnoll set off with: a +2 hand crossbow, a potion of curing, a scroll of teleportation, 27 bolts, a bread ration
     0 | D:1      | Reached XP level 1. HP: 16/16 MP: 1/1
    65 | D:1      | You fall through a shaft!
   230 | D:1      | Reached XP level 2. HP: 21/21 MP: 2/2
   890 | D:2      | Reached XP level 3. HP: 14/26 MP: 3/3
  1636 | D:2      | Reached XP level 4. HP: 29/31 MP: 4/4
  2101 | D:2      | Found a bloodstained altar of Trog.
  2187 | D:3      | Noticed archlich's ghost (weakling DsEn)
  2194 | D:3      | Killed archlich's ghost
  2194 | D:3      | Reached skill level 1 in Stealth
  2252 | D:3      | Found a radiant altar of Vehumet.
  2252 | D:3      | Found a glowing golden altar of the Shining One.
  2257 | D:3      | Became a worshipper of Vehumet
  2330 | D:3      | Reached XP level 5. HP: 36/36 MP: 5/5
  2458 | D:3      | Noticed Sigmund
  2469 | D:3      | Killed Sigmund
  2740 | D:4      | Noticed Grinder
  2752 | D:4      | Slain by Grinder

Action                   |  1- 3 |  4- 6 || total
-------------------------+-------+-------++-------
Melee: Spear             |    67 |       ||    67
 Fire: Hand crossbow     |    11 |   117 ||   128
  Use: Scroll            |     3 |     1 ||     4
       Potion            |       |     2 ||     2
 Stab: Sleeping          |     7 |       ||     7
  Eat: Chunk             |     2 |     4 ||     6
